Map: Dusty Gorge

Players

SacDeFromage

  • Race: Terran Terran
  • Spawn Location: 11:00

JuGGeRNuTz

  • Race: Terran Terran
  • Spawn Location: 9:00

Rolo - Winner!

  • Race: Zerg Zerg
  • Spawn Location: 3:00

PureLegacy - Winner!

  • Race: Terran Terran
  • Spawn Location: 5:00

VOD

Have the link to the VOD?

Description

Time

  • Played on: Nov. 20, 2018, 4:24 p.m.
  • Length: 15:52
Show
View Real Time Build Order
Export as new Build Order

SacDeFromage Terran 

Build Orders:  

Get SALT Encoding   

  12  0:01  SCV  
  13  0:13  SCV  
  14  0:18  Supply Depot  
  14  0:25  SCV  
  15  0:29  Refinery  
  15  0:40  SCV  
  16  0:46  Barracks  
  16  0:53  SCV  
  17  1:05  SCV  
  17  1:09  Barracks  
  18  1:17  SCV  
  19  1:26  Barracks  
  19  1:33  Reaper  
  20  1:42  Orbital Command  
  20  1:48  Refinery  
  20  1:56  Reaper  
  21  2:02  Supply Depot  
  21  2:06  Reaper  
  22  2:19  Reaper  
  23  2:24  SCV  
  23  2:28  Reaper  
  25  2:30  Supply Depot  
  25  2:38  Reaper, SCV  
  26  2:50  SCV  
  27  2:51  Reaper  
  27  2:53  Barracks  
  28  3:03  Reaper  
  30  3:05  SCV  
  30  3:09  Supply Depot  
  30  3:10  Reaper  
  31  3:23  Reaper  
  32  3:29  SCV  
  33  3:35  Reaper  
  34  3:42  Reaper  
  34  3:44  Reaper  
  34  3:45  Command Center  
  36  3:52  SCV  
  37  3:55  Reaper  
  38  4:07  Reaper  
  39  4:14  Reaper  
  39  4:15  SCV  
  39  4:17  Reaper, Supply Depot  
  42  4:33  Reaper  
  43  4:40  Reaper  
  43  4:44  SCV  
  45  4:49  Barracks  
  45  4:50  Reaper x2, Barracks  
  45  4:51  Barracks  
  47  4:56  SCV  
  47  5:00  Orbital Command  
  47  5:05  Reaper  
  48  5:08  SCV  
  48  5:12  Reaper  
  50  5:21  SCV  
  51  5:25  Reaper  
  41  5:34  Barracks Tech Lab  
  41  5:35  SCV x2  
  43  5:37  Refinery  
  43  5:38  Marine x4  
  43  5:40  Refinery  
  47  5:47  SCV x2  
  47  5:48  Barracks Reactor  
  49  5:55  Marine  
  49  5:56  Marine x3, Factory  
  53  5:59  SCV x2  
  53  6:00  Marine x2  
  57  6:11  SCV x2  
  57  6:13  Marine  
  57  6:14  Stimpack  
  57  6:15  Marine  
  57  6:16  Marine  
  61  6:22  Supply Depot  
  61  6:23  Supply Depot  
  59  6:29  Marine x5  
  64  6:37  SCV  
  64  6:38  SCV  
  66  6:41  Marine  
  66  6:43  Marine, Factory Reactor  
  66  6:45  Barracks Reactor, Starport  
  68  6:49  SCV  
  68  6:50  SCV  
  68  6:53  Marine x3  
  68  6:54  Marine  
  74  7:01  Marine  
  74  7:02  Marine, SCV  
  75  7:15  Marine x3  
  71  7:16  Marine x2  
  73  7:28  Marine  
  73  7:29  Marine x3  
  75  7:33  Marine  
  75  7:36  Factory Tech Lab  
  76  7:38  Marine  
  76  7:39  Barracks Reactor  
  76  7:40  SCV x2  
  76  7:42  Marine x2, Engineering Bay  
  76  7:43  Command Center  
  81  7:44  Engineering Bay  
  81  7:45  Medivac  
  81  7:46  Marine  
  84  7:52  Medivac  
  86  8:03  Barracks Reactor  
  86  8:04  Barracks Reactor  
  86  8:08  Supply Depot  
  86  8:10  Supply Depot  
  86  8:13  Terran Infantry Weapons Level 1  
  86  8:17  Terran Infantry Armor Level 1  
  86  8:21  Supply Depot  
  86  8:29  Marine x4, Medivac  
  86  8:30  SCV x2  
  86  8:31  Marine x2  
  96  8:34  Missile Turret  
  96  8:38  Missile Turret  
  96  8:42  SCV x2  
  96  8:43  Combat Shield  
  98  8:49  Marine x5  
  103  8:57  Missile Turret  
  103  8:59  Missile Turret  
  102  9:07  Medivac x2  
  102  9:09  Marine x2  
  107  9:10  Marine  
  108  9:20  Marine x2  
  108  9:21  Marine x4  
  108  9:22  Marine  
  102  9:43  Marine x2  
  102  9:44  Marine x3  
  107  9:50  Medivac x2  
  104  9:54  Armory  
  104  9:56  Marine x6  
  104  9:57  Marine  
  88  10:01  Marine x3  
  88  10:02  Marine x2  
  88  10:03  SCV  
  88  10:04  SCV  
  95  10:07  Orbital Command  
  95  10:14  Marine x7  
  96  10:15  SCV  
  96  10:16  SCV  
  104  10:27  SCV  
  104  10:28  SCV  
  106  10:29  Missile Turret  
  106  10:30  Marine x2  
  106  10:31  Marine x3  
  111  10:37  Marine x2  
  111  10:41  Terran Infantry Armor Level 2, Terran Infantry Weapons Level 2  
  113  10:43  SCV x2  
  113  10:48  Marine x2  
  113  10:49  Marine x3, Marauder  
  98  11:06  Liberator x2  
  98  11:09  Marine x3  
  98  11:10  Marine  
  98  11:11  Marine x7, Marauder  
  97  11:15  SCV  
  110  11:27  Marine x3  
  110  11:28  Marine x2  
  110  11:29  Marine x5  
  110  11:32  Marauder  
  123  11:38  Siege Tank, Barracks Reactor  
  125  11:43  Command Center  
  125  11:45  Sensor Tower  
  125  11:49  Supply Depot  
  125  11:50  Marine x4, Supply Depot  
  129  11:59  Marine x4  
  133  12:11  Marine x2  
  133  12:21  Marine x6  
  133  12:22  Siege Tank  
  138  12:30  Medivac  
  138  12:31  Marine, Medivac  
  138  12:32  Marine x4  
  138  12:35  Supply Depot  
  138  12:36  Supply Depot x2  
  147  12:47  Marine  
  147  12:48  Marine  
  147  12:49  Missile Turret  
  149  12:53  Marine  
  149  12:54  Siege Tank  
  128  13:00  Medivac  
  126  13:06  Marine x4  
  126  13:07  Marauder  
  126  13:09  Marine x3  
  126  13:10  Marine, Medivac  
  138  13:26  Siege Tank  
  141  13:27  Marine x5  
  141  13:28  Marine x2, Marauder  
  141  13:30  Medivac  
  110  13:36  Marine  
  110  13:37  Marine x4  
  111  13:45  Marine  
  111  13:46  Medivac  
  114  13:50  Marauder  
  116  13:58  Siege Tank  
  116  13:59  Marine x7  
  119  14:11  Marauder  
  109  14:26  Marine x2  
  97  14:31  Marine x2  
  97  14:32  Marine x2, Marauder  
  97  14:33  Marine x6  
  101  14:39  Medivac x2  
  101  14:44  Marine x2  
  105  14:49  Marine x4  
  107  14:54  Marauder  
  109  15:05  Siege Tank, Missile Turret x2  
  109  15:06  Refinery x2  
  112  15:19  Factory  
  112  15:20  Factory  
  110  15:28  Marine  
  110  15:29  Marine x12  
Show
View Real Time Build Order
Export as new Build Order

JuGGeRNuTz Terran 

Build Orders:  

Get SALT Encoding   

  12  0:01  SCV  
  13  0:13  SCV  
  14  0:18  Supply Depot  
  14  0:26  SCV  
  15  0:40  SCV  
  15  0:42  Barracks  
  16  0:47  Refinery  
  16  0:52  SCV  
  17  1:04  SCV  
  17  1:08  Barracks  
  18  1:16  SCV  
  19  1:22  Barracks  
  19  1:30  Refinery  
  19  1:32  SCV  
  20  1:37  Reaper  
  21  1:44  SCV  
  22  1:52  Supply Depot  
  22  1:58  Reaper  
  23  2:05  Orbital Command  
  23  2:19  Reaper  
  23  2:20  Reaper  
  25  2:30  Reaper  
  25  2:35  SCV  
  27  2:50  SCV  
  27  2:51  Reaper  
  29  2:52  Reaper  
  29  2:53  Supply Depot  
  30  3:04  Reaper  
  31  3:13  Command Center  
  31  3:15  SCV  
  32  3:23  Reaper  
  34  3:27  SCV  
  34  3:29  Supply Depot  
  34  3:30  Reaper  
  35  3:36  Reaper  
  36  3:52  Supply Depot  
  38  4:08  Factory  
  39  4:14  Barracks Tech Lab  
  39  4:15  Barracks Reactor  
  36  4:20  SCV  
  36  4:22  Supply Depot  
  36  4:23  Barracks Tech Lab  
  37  4:32  Orbital Command  
  37  4:34  Marine, Stimpack  
  37  4:41  SCV  
  38  4:47  Combat Shield  
  38  4:52  Marine  
  39  4:53  Starport, SCV  
  39  4:58  Factory Tech Lab  
  39  4:59  SCV  
  41  5:04  Marine x3  
  41  5:05  SCV  
  45  5:10  Marine  
  45  5:12  SCV  
  47  5:17  SCV  
  47  5:18  Siege Tank  
  51  5:21  Refinery  
  51  5:22  Marine x3  
  51  5:24  SCV  
  51  5:28  Marine  
  53  5:30  SCV  
  54  5:36  SCV  
  54  5:39  Marine x2  
  54  5:41  Medivac  
  54  5:42  SCV, Supply Depot  
  60  5:47  Marine x2  
  60  5:48  SCV  
  63  5:53  Siege Tank  
  66  5:57  Marine  
  66  5:59  SCV  
  66  6:00  SCV  
  66  6:03  Supply Depot  
  69  6:09  Marine x3, Supply Depot, Refinery  
  69  6:11  SCV  
  73  6:14  Medivac  
  73  6:15  Marine  
  73  6:17  SCV  
  76  6:27  Marine x3  
  76  6:30  SCV  
  80  6:33  Marine  
  80  6:39  SCV  
  82  6:41  Siege Tank  
  82  6:44  Marine  
  82  6:45  Marine x2  
  82  6:46  SCV  
  89  6:51  Marine, SCV  
  91  6:57  Medivac  
  93  7:02  Marine x2  
  93  7:03  Marine  
  94  7:08  Marine  
  79  7:20  Marine x2  
  64  7:23  Marine  
  64  7:24  Siege Tank  
  64  7:25  SCV  
  64  7:26  Marine, SCV  
  70  7:30  Supply Depot  
  68  7:38  Marine x2, Medivac  
  68  7:40  Marine, SCV  
  74  7:44  Marine  
  74  7:46  Engineering Bay, Supply Depot  
  74  7:47  Supply Depot  
  74  7:50  SCV, Supply Depot  
  76  7:57  Marine x2  
  77  7:58  Marine  
  77  8:00  SCV  
  77  8:02  Marine  
  77  8:03  Siege Tank  
  77  8:04  SCV, Command Center  
  84  8:12  SCV  
  85  8:13  Supply Depot  
  85  8:15  Marine  
  85  8:16  Terran Infantry Weapons Level 1, SCV  
  85  8:17  Engineering Bay  
  87  8:25  Armory  
  87  8:28  Starport Reactor  
  87  8:38  Marine x2  
  89  8:46  Marine x2  
  88  8:56  Marine x2  
  90  9:04  Marine x2  
  92  9:14  Marine x2  
  91  9:22  Marine x2, SCV  
  91  9:24  SCV  
  89  9:32  Marine x2  
  89  9:37  Terran Infantry Armor Level 1  
  90  9:39  Marine, Missile Turret x2  
  90  9:40  Marine  
  90  9:41  Missile Turret  
  90  9:43  Missile Turret  
  90  9:44  Missile Turret  
  92  9:50  Marine x2  
  88  9:53  Siege Tank, Medivac x2  
  88  9:57  Marine x2  
  84  10:07  Marine x2, SCV  
  83  10:15  Marine x2  
  85  10:25  Marine x2  
  87  10:33  Marine x2  
  87  10:34  SCV  
  90  10:35  Barracks  
  90  10:36  Barracks  
  90  10:37  Terran Infantry Weapons Level 2  
  90  10:38  Barracks  
  90  10:41  Orbital Command, Supply Depot  
  90  10:43  Marine x2  
  90  10:48  Command Center  
  92  10:51  Marine x2  
  77  11:10  Marine x4  
  79  11:12  SCV  
  79  11:13  SCV  
  79  11:14  Siege Tank, Medivac x2  
  79  11:15  SCV  
  77  11:23  Marine x2  
  77  11:25  SCV  
  77  11:26  SCV  
  77  11:28  Marine x4  
  83  11:38  SCV  
  84  11:44  Medivac  
  84  11:45  Medivac  
  84  11:46  Marine x4  
  92  11:47  Barracks Tech Lab  
  92  11:48  Barracks Tech Lab  
  92  11:50  Barracks Reactor  
  80  12:04  Marine x4  
  80  12:05  Marine  
  64  12:09  SCV  
  64  12:12  Marine  
  64  12:14  Siege Tank  
  66  12:17  SCV  
  66  12:18  Command Center  
  66  12:21  Marine x2, SCV  
  66  12:22  Marine x2, Concussive Shells  
  68  12:23  Marine  
  68  12:25  Supply Depot  
  68  12:26  Marine x2  
  68  12:29  Marine  
  72  12:39  Marine x4  
  72  12:41  Marine  
  77  12:44  Marine x2  
  77  12:47  Marine  
  77  12:49  Terran Infantry Armor Level 2  
  80  12:52  Siege Tank  
  80  12:53  Starport Reactor  
  80  12:57  Marine x3  
  80  12:58  Marauder  
  85  12:59  Marauder  
  85  13:02  Marine x2  
  88  13:06  Marauder  
  90  13:13  SCV  
  90  13:15  Marine x2  
  90  13:16  Marauder  
  90  13:19  Marauder  
  97  13:20  Marine  
  97  13:21  Marauder  
  97  13:24  Siege Tank  
  103  13:29  Marine  
  103  13:30  Marauder  
  103  13:33  Marine x2  
  108  13:37  Marine  
  108  13:40  Marine x2  
  78  13:42  Marine  
  78  13:47  Marine  
  79  13:51  Marauder  
  80  14:00  Marine x2  
  80  14:01  Marauder x3  
  85  14:03  Marine  
  73  14:13  Marauder  
  66  14:20  Marine  
  66  14:22  Marauder x2  
  69  14:24  Marauder  
  69  14:30  Marine  
  69  14:31  Marine  
  73  14:43  Orbital Command  
  73  14:47  Marine x2  
  75  15:12  Marine x2, Marauder  
  75  15:13  Marauder, Starport  
  78  15:23  Marine  
  78  15:24  Marauder  
Show
View Real Time Build Order
Export as new Build Order

Rolo Zerg - Winner!

Build Orders: Pool First, Muta Ling Bane 

Get SALT Encoding   

  12  0:04  Drone  
  13  0:13  Overlord  
  13  0:18  Drone  
  14  0:32  Drone  
  14  0:33  Drone  
  16  0:36  Extractor  
  15  0:46  Spawning Pool  
  15  0:49  Drone  
  15  0:53  Drone  
  16  1:15  Drone  
  17  1:24  Hatchery  
  16  1:34  Queen  
  16  1:39  Drone  
  19  1:46  Metabolic Boost  
  19  1:51  Zergling x2  
  20  1:58  Overlord  
  20  2:03  Zergling x2  
  20  2:05  Zergling x2  
  22  2:18  Zergling x2  
  23  2:26  Zergling x2  
  24  2:36  Zergling x4  
  26  2:37  Queen  
  27  2:47  Zergling x8  
  30  2:54  Zergling x2  
  31  3:01  Zergling x2  
  32  3:11  Drone x2  
  34  3:14  Baneling Nest  
  32  3:31  Drone x3  
  32  3:32  Overlord  
  35  3:35  Drone  
  36  3:53  Zergling x12  
  41  4:03  Zergling x4  
  41  4:04  Baneling x2  
  41  4:05  Baneling x2  
  41  4:08  Zergling x2  
  44  4:18  Extractor  
  44  4:20  Drone  
  44  4:23  Extractor  
  39  4:32  Zergling x4  
  39  4:33  Zergling x4  
  43  4:45  Overlord  
  43  4:57  Overlord  
  43  5:03  Drone x4  
  43  5:04  Drone x4  
  51  5:11  Lair  
  51  5:19  Extractor  
  49  5:30  Baneling x5  
  49  5:32  Drone x5  
  54  5:38  Drone  
  54  5:39  Drone  
  56  5:47  Drone x2  
  56  5:48  Drone  
  56  5:49  Drone  
  60  6:12  Overlord x2  
  60  6:13  Spire  
  59  6:22  Baneling x2  
  59  6:25  Overlord  
  59  6:39  Drone x2  
  62  6:40  Drone  
  62  6:41  Drone x2  
  64  6:47  Evolution Chamber  
  64  6:48  Evolution Chamber  
  64  6:51  Hatchery  
  64  6:53  Drone x2  
  63  6:58  Centrifical Hooks  
  63  7:00  Baneling x5  
  58  7:20  Zergling x6  
  58  7:21  Zergling x16  
  63  7:30  Zergling x10  
  67  7:43  Mutalisk x3  
  70  7:58  Mutalisk x2  
  70  8:01  Mutalisk x3  
  70  8:02  Mutalisk  
  82  8:07  Mutalisk  
  82  8:09  Mutalisk  
  82  8:12  Mutalisk  
  88  8:21  Overlord x2  
  88  8:25  Drone  
  89  8:39  Overlord x2  
  89  8:43  Mutalisk x2  
  89  8:44  Mutalisk  
  89  8:46  Overlord  
  95  8:49  Drone x2  
  97  9:07  Zergling x4  
  97  9:18  Zergling x16  
  97  9:19  Zergling x8  
  109  9:25  Zergling x2  
  91  9:40  Zergling x8  
  83  9:45  Zergling x4  
  84  9:52  Mutalisk  
  84  9:53  Mutalisk x2  
  88  10:05  Mutalisk x3  
  86  10:19  Drone x6  
  92  10:23  Queen  
  92  10:27  Zerg Ground Armor Level 1, Zerg Melee Weapons Level 1  
  94  10:30  Drone  
  94  10:31  Drone x2, Queen  
  99  10:37  Infestation Pit  
  99  10:38  Baneling x2  
  99  10:39  Baneling x5  
  99  10:42  Mutalisk  
  98  10:43  Zergling x6  
  98  10:47  Zergling x4  
  78  11:07  Zergling x2  
  78  11:08  Zergling x14  
  78  11:10  Zergling x4  
  78  11:14  Hive  
  78  11:24  Extractor  
  78  11:25  Drone x3, Spore Crawler  
  80  11:26  Zergling x2, Extractor  
  80  11:31  Baneling  
  80  11:32  Baneling x9  
  79  11:35  Zergling x6  
  79  11:38  Drone  
  83  11:40  Drone  
  83  11:41  Spore Crawler  
  83  11:46  Burrow  
  83  11:49  Hatchery  
  82  11:57  Zergling x6  
  82  11:58  Zergling x12  
  91  12:06  Zergling x8  
  91  12:07  Zergling x2  
  96  12:20  Corruptor x4  
  104  12:26  Zerg Melee Weapons Level 2  
  104  12:38  Drone x2  
  104  12:41  Zerg Ground Armor Level 2  
  106  12:44  Zerg Flyer Armor Level 1  
  106  13:03  Adrenal Glands  
  106  13:12  Zergling x6, Overlord x3, Ultralisk Cavern  
  109  13:13  Zergling x8  
  86  13:45  Corruptor x2  
  86  13:46  Zergling x12  
  86  13:50  Zergling x2, Corruptor x3  
  86  13:51  Zergling x6  
  96  14:02  Corruptor x2  
  100  14:27  Chitinous Plating  
  100  14:29  Ultralisk x2  
  112  14:43  Ultralisk  
  119  14:52  Drone  
  119  14:53  Drone x2  
  119  14:55  Drone  
  119  14:56  Drone x3  
  119  14:57  Ultralisk  
  131  15:12  Drone x4, Extractor  
  131  15:13  Drone  
  131  15:14  Extractor  
  134  15:15  Drone x2, Spore Crawler  
  134  15:17  Spore Crawler  
Show
View Real Time Build Order
Export as new Build Order

PureLegacy Terran - Winner!

Build Orders:  

Get SALT Encoding   

  12  0:01  SCV  
  13  0:13  SCV  
  14  0:23  Supply Depot  
  14  0:25  SCV  
  15  0:33  Refinery  
  15  0:44  SCV  
  15  0:47  Barracks  
  16  0:56  SCV  
  17  1:02  Barracks  
  17  1:19  Barracks  
  17  1:22  SCV  
  18  1:35  Reaper  
  19  1:41  Orbital Command  
  19  1:48  Refinery  
  19  1:52  Reaper  
  20  2:01  Supply Depot  
  20  2:07  Reaper  
  21  2:10  Reaper  
  21  2:15  SCV  
  23  2:25  Supply Depot  
  23  2:27  Reaper  
  23  2:28  SCV  
  25  2:39  Reaper  
  25  2:40  SCV  
  26  2:45  Reaper  
  27  2:52  SCV  
  28  3:00  Reaper  
  28  3:05  SCV  
  30  3:11  Command Center  
  30  3:15  Reaper  
  31  3:23  Reaper  
  33  3:33  Reaper  
  33  3:43  Barracks  
  33  3:45  Barracks  
  33  3:47  Reaper  
  34  3:58  Reaper  
  34  4:02  SCV  
  36  4:05  Supply Depot  
  36  4:08  Reaper, Barracks  
  37  4:15  SCV  
  38  4:20  Reaper  
  39  4:31  Reaper  
  39  4:32  Reaper  
  39  4:35  Reaper  
  39  4:47  Reaper  
  39  4:48  SCV  
  39  4:49  Orbital Command  
  41  4:55  Reaper x2  
  41  4:59  Refinery  
  43  5:00  SCV  
  43  5:03  Reaper, Refinery  
  45  5:07  Reaper  
  45  5:12  SCV  
  45  5:13  Supply Depot  
  47  5:15  SCV  
  47  5:16  Reaper  
  49  5:26  SCV  
  49  5:27  SCV  
  51  5:29  Reaper  
  51  5:32  Reaper  
  53  5:36  Reaper  
  53  5:38  SCV  
  53  5:39  SCV  
  53  5:40  Reaper  
  57  5:44  Reaper  
  58  5:51  Command Center  
  58  5:54  Reaper  
  59  5:59  SCV x2  
  59  6:02  Reaper  
  62  6:04  Reaper  
  62  6:10  Engineering Bay, Supply Depot  
  62  6:11  Reaper  
  64  6:13  Reaper  
  66  6:26  Reaper  
  66  6:30  SCV x2  
  69  6:34  Reaper, Supply Depot  
  69  6:36  Reaper  
  69  6:43  Reaper  
  69  6:48  Barracks  
  69  6:49  Reaper  
  69  6:53  Barracks, Barracks Tech Lab  
  69  6:54  SCV  
  69  6:56  Terran Infantry Weapons Level 1  
  69  6:58  SCV  
  69  6:59  Reaper  
  67  7:13  Reaper  
  63  7:20  Reaper  
  59  7:24  Reaper  
  59  7:27  Reaper  
  59  7:28  Reaper  
  58  7:31  SCV x2  
  58  7:32  Orbital Command  
  58  7:35  Reaper  
  61  7:38  Stimpack  
  61  7:42  Factory  
  61  7:43  SCV x2, Engineering Bay  
  62  7:55  SCV x2  
  68  8:07  SCV x2, Supply Depot  
  68  8:09  Marine x5  
  68  8:10  Marine x2  
  68  8:11  Marine  
  73  8:14  Orbital Command  
  73  8:15  Terran Infantry Armor Level 1  
  73  8:16  Factory  
  73  8:19  SCV  
  74  8:22  SCV  
  74  8:24  Supply Depot  
  75  8:29  Marine x2  
  75  8:30  Marine x5  
  75  8:31  SCV  
  75  8:32  Factory Tech Lab  
  83  8:34  Starport, SCV  
  83  8:40  SCV  
  85  8:43  SCV  
  85  8:46  SCV  
  87  8:48  Supply Depot  
  87  8:52  Marine x3, SCV  
  87  8:53  Marine x3  
  87  8:55  Marine  
  95  9:07  Marine  
  95  9:09  Siege Tank, Factory Tech Lab  
  99  9:10  Marine  
  99  9:11  Supply Depot  
  99  9:12  Supply Depot  
  99  9:13  Armory, Starport Reactor  
  99  9:15  SCV x2  
  102  9:19  Marine x6  
  108  9:25  SCV  
  108  9:29  Marine x2  
  108  9:37  Marine x2  
  110  9:44  Siege Tank  
  110  9:45  Siege Tank, Supply Depot  
  115  9:47  Marine  
  115  9:48  Marine x3  
  115  9:49  Marine x2, Combat Shield  
  115  9:51  Medivac x2  
  86  10:01  Marine x2  
  86  10:05  Marine x3  
  86  10:06  Marine  
  92  10:08  SCV, Refinery  
  92  10:09  SCV, Refinery  
  92  10:11  SCV  
  92  10:12  Marine  
  96  10:15  Terran Infantry Weapons Level 2  
  96  10:16  Terran Infantry Armor Level 2  
  96  10:17  Siege Tank  
  96  10:20  Marine  
  96  10:21  Marine  
  101  10:22  SCV x2  
  101  10:25  SCV  
  101  10:27  Marine x3, Supply Depot  
  101  10:28  Marine, Supply Depot  
  108  10:29  Siege Tank  
  108  10:32  Marine  
  108  10:34  Marine, Medivac  
  108  10:35  Medivac  
  117  10:46  Barracks Reactor  
  117  10:47  Marine x3, Barracks Reactor  
  117  10:48  Marine, Sensor Tower  
  121  10:50  Supply Depot  
  117  11:09  Marine x2  
  117  11:11  Siege Tank x2  
  131  11:21  SCV x2  
  134  11:28  Barracks Reactor x4, Command Center  
  134  11:29  Barracks Reactor  
  125  11:38  SCV x3  
  125  11:39  Supply Depot  
  128  11:43  Terran Vehicle Weapons Level 1  
  128  11:44  Marine  
  128  11:45  Marine, Barracks Reactor  
  128  11:46  Marine  
  131  11:47  Medivac x2  
  131  11:50  SCV  
  136  12:02  Marine  
  136  12:03  Marine x2  
  131  12:08  Marine  
  131  12:09  Marine x8  
  137  12:17  Medivac x2  
  137  12:19  Siege Tank x2  
  137  12:20  Marine x4  
  137  12:21  Marine x2  
  151  12:24  Supply Depot  
  151  12:25  Supply Depot  
  151  12:26  Marine  
  151  12:27  Marine x4  
  156  12:34  Marine x3  
  156  12:35  Marine  
  160  12:37  Marine  
  160  12:38  Terran Infantry Armor Level 3, Terran Infantry Weapons Level 3  
  161  12:45  Marine x6  
  161  12:50  SCV x2  
  162  13:00  Marine x5  
  162  13:03  Siege Tank x2  
  168  13:07  Marine x2  
  168  13:09  Medivac x2  
  168  13:10  Marine x6  
  168  13:11  Marine  
  181  13:19  Marine x3  
  180  13:28  Marine  
  180  13:29  Marine x4  
  150  13:34  Marine x3  
  150  13:41  SCV x3  
  150  13:42  Planetary Fortress  
  150  13:44  Siege Tank  
  150  13:45  Marine x4  
  150  13:46  Marine x6  
  155  13:55  Marine, SCV x3  
  150  13:56  Marine x3  
  152  14:09  Marine x5  
  153  14:11  SCV x2  
  153  14:12  Marine x2  
  151  14:24  Marine  
  151  14:25  Marine x4  
  144  14:34  Marine x3  
  144  14:36  Medivac x2  
  144  14:37  Siege Tank x2  
  144  14:38  SCV x4  
  150  14:41  Marine  
  148  14:49  Marine x3  
  148  14:50  SCV  
  149  14:59  Marine  
  148  15:06  Medivac x2  
  152  15:08  Marine x5  
  152  15:09  Siege Tank x2, Marine x5  
  152  15:10  Marine  
  169  15:17  Marine x4  
  173  15:26  Marine  
  173  15:27  Marine  
  173  15:28  Marine x7  
Tags
 
Add a new tag
Caveats
  • Supply blocks, unpowered buildings, or Contaminate may cause inaccurate times.
  • Supply counts are checked every 10 seconds.